 Dungeon Crawl Stone Soup version 0.19-a0-459-gb8ed64d (webtiles) character file.

31 eoe the Stinger (level 3, 0/28 HPs)
             Began as a Draconian Venom Mage on June 2, 2016.
             Slain by a crimson imp (1 damage)
             ... summoned by Natasha
             ... on level 2 of the Dungeon.
             The game lasted 00:09:53 (1323 turns).

eoe the Stinger (Draconian Venom Mage)              Turns: 1323, Time: 00:09:53

Health: 0/28       AC:  7    Str: 10    XL:     3   Next: 7%
Magic:  2/6        EV: 12    Int: 16    God:
Gold:   84         SH:  0    Dex: 11    Spells: 1 memorised, 5 levels left

rFire  . . .     SeeInvis .     g - +1 dagger (curse)
rCold  . . .     Gourm    .     (armour unavailable)
rNeg   . . .     Faith    .     (no shield)
rPois  .         Spirit   .     (helmet restricted)
rElec  .         Dismiss  .     (no cloak)
rCorr  .         Reflect  .     (no gloves)
SustAt .         Harm     .     (no boots)
MR     .....                    (no amulet)
Stlth  ++........               (no ring)
                                c - +2 ring of protection

@: very slightly contaminated, slowed, very slow, not resistant to hostile
enchantments, unstealthy
A: unfitting armour, cold-blooded, AC +5
a: no special abilities


You were on level 2 of the Dungeon.
You were not hungry.

You visited 1 branch of the dungeon, and saw 2 of its levels.

You collected 84 gold pieces.

Inventory:

Hand Weapons
 b - a +3 mace
 g - a cursed +1 dagger (weapon)
Jewellery
 c - a +2 ring of protection (left hand)
Books
 a - a Young Poisoner's Handbook

   Spells                             Type                      Level
   a - Sting                          Conjuration/Poison           1
   b - Cure Poison                    Poison                       2
   c - Mephitic Cloud                 Conjuration/Poison/Air       3
   d - Olgreb's Toxic Radiance        Poison                       4
   e - Venom Bolt                     Conjuration/Poison           5
Comestibles
 d - a bread ration


   Skills:
 + Level 1.2 Fighting
 - Level 1.7 Dodging
 - Level 1.7 Stealth
 - Level 2.0 Spellcasting
 * Level 4.8 Poison Magic


You had 5 spell levels left.
You knew the following spells:

 Your Spells              Type           Power        Failure   Level  Hunger
a - Sting                 Conj/Pois      #...         10%         1    #......


Dungeon Overview and Level Annotations

Branches:
Dungeon (2/15)

Altars:

Annotations:
D:2 Natasha


Innate Abilities, Weirdness & Mutations

Your plain brown scales are hard. (AC +5)
Your body does not fit into most forms of armour.
You are cold-blooded and may be slowed by cold attacks.


Message History

* * * LOW HITPOINT WARNING * * *
You closely miss Natasha.
Natasha is lightly wounded.
Natasha claws you but does no damage.
You hit Natasha but do no damage.
Natasha is lightly wounded.
Natasha stares at you and mumbles some strange words.
You feel yourself slow down.
You closely miss Natasha.
Your tail-slap misses Natasha.
Natasha is lightly wounded.
Natasha barely misses you.
The crimson imp blinks!
You barely miss Natasha.
Natasha is lightly wounded.
Natasha claws you.
* * * LOW HITPOINT WARNING * * *
Natasha barely misses you.
You hit Natasha but do no damage.
Natasha is lightly wounded.
The crimson imp hits you.
You die...

#.# #.#
#.#####.#
#.......#
#.####### #.#
#.# #h# #@#
#5# #.# #.#
#########.##
...
...........#
..#.#
######.....#
..#.# #.....#
#.#.#
#######.....#


You could see Natasha and a crimson imp.

Vanquished Creatures
  An adder (D:2)
  A bat (D:1)
  2 giant cockroaches (D:1)
  A goblin (D:1)
  A hobgoblin (D:2)
  2 jackals (D:1)
  8 kobolds (D:1)
  A giant newt (D:1)
  4 rats (D:1)
21 creatures vanquished.

Notes
Turn   | Place    | Note
--------------------------------------------------------------
     0 | D:1      | eoe the Draconian Venom Mage began the quest for the Orb.
     0 | D:1      | Reached XP level 1. HP: 14/14 MP: 3/3
   311 | D:1      | Reached XP level 2. HP: 19/20 MP: 1/5
  1033 | D:2      | Reached skill level 1 in Fighting
  1033 | D:2      | Reached XP level 3. HP: 5/28 MP: 2/6
  1298 | D:2      | Noticed Natasha
  1322 | D:2      | HP: 1/28 [Natasha (2)]
  1323 | D:2      | Slain by a crimson imp

Vault maps used:
D:1:      lemuel_arrival_behind_the_door_small, lexackson_kobold_supper
D:2:      minmay_door_path, uniq_crazy_yiuf_cottage, uniq_natasha

Skill      XL: |  1  2 |
---------------+-------+-----
Fighting       | 1 |  1.2
Dodging        | |  1.7
Stealth        | |  1.7
Spellcasting   | |  2.0
Poison Magic   | |  4.8

Action                   || total
-------------------------++-------
Melee: Unarmed           ||    22
       Tailslap          ||     6
       Dagger            ||    23
 Cast: Sting             ||    44
  Use: Scroll            ||     2
       Potion            ||     1
  Eat: Bread ration      ||     1
Armor: Skin              ||    30
Dodge: Dodged            ||    48
